 Dungeon Crawl Stone Soup version 0.30-a0-561-g1b0378597e (webtiles) character file.

Game seed: 17217895045091894313

90558 M4edhros the Blocker (level 16, -1/118 HPs)
             Began as an Octopode Chaos Knight on Dec 27, 2022.
             Was a Priest of Cheibriados.
             Slain by a tyrant leech (13 damage)
             ... on level 3 of the Swamp on Dec 28, 2022.
             The game lasted 01:29:44 (12167 turns).

M4edhros the Blocker (Octopode Chaos Knight)       Turns: 12167, Time: 01:29:45

Health: -1/118     AC: 10    Str: 33    XL:     16   Next: 0%
Magic:  26/34      EV: 22    Int: 38    God:    Cheibriados [***...]
Gold:   751        SH: 17    Dex: 23    Spells: 7/25 levels left

rFire   + + .      SeeInvis .      - Unarmed
rCold   . . .      Faith    .    t - +3 kite shield
rNeg    + + .      Spirit   .    l - +3 hat of Pondering {ponderous, Will+ MP+10 Int+5}
rPois   +          Reflect  .    H - amulet of regeneration
rElec   +          Harm     .    d - ring of protection from cold
rCorr   +          Rampage  .    O - +4 ring of evasion
Will    +++++                    j - ring "Poetashra" {rElec rN+ Will+ rCorr Dex-4}
Stlth   +++++                    R - +4 ring of protection
HPRegen 1.19/turn                Y - +6 ring of intelligence
MPRegen 0.24/turn                X - ring of Accord {Will+ Str+5 Int+6 Dex-2}
                                 T - ring "Fibriosk" {Fire Dex+4}
                                 P - ring of Hamp {Wiz rPois rN+ Will+ Str+6}

@: marked, forested, constricted, very slow
A: almost no armour, amphibious, 8 rings, camouflage 1, gelatinous body 1,
(nimble swimmer 1), tentacles, antennae 1, iridescent scales 1, deterioration 1,
fire resistance 1, robust 1, strong 1
a: Renounce Religion, Bend Time, Temporal Distortion


You were on level 3 of the Swamp.
You worshipped Cheibriados.
Cheibriados was most pleased with you.
You visited 4 branches of the dungeon, and saw 25 of its levels.
You also visited: Ossuary and Ice Cave.

You collected 2437 gold pieces.
You spent 1686 gold pieces at shops.

Inventory:

Hand Weapons
 I - the +7 staff of the Meek {protect, meekguard}
   (You found it on level 11 of the Dungeon)

   It grants its wielder temporary protection when it strikes (+7 to AC).
   It provides extra protection to wielders with little health.
Missiles
 i - 79 poisoned darts (quivered)
 p - 3 throwing nets
 L - 5 curare-tipped darts
Armour
 c - a +0 tower shield
 l - the +3 hat of Pondering (worn) {ponderous, Will+ MP+10 Int+5}
   (You found it on level 14 of the Dungeon)

   Int:       It affects your intelligence (+5).
   MP:        It affects your magic capacity (+10).
   Will:      It increases your willpower.
 t - a +3 kite shield (worn)
Magical Staves
 w - a staff of earth
Jewellery
 d - a ring of protection from cold (left tentacle)
 j - the ring "Poetashra" (on tentacle) {rElec rN+ Will+ rCorr Dex-4}
   (You found it on level 8 of the Dungeon)

   [ring of resist corrosion]

   Dex:       It affects your dexterity (-4).
   rElec:     It insulates you from electricity.
   rN:        It protects you from negative energy.
   rCorr:     It protects you from acid and corrosion.
   Will:      It increases your willpower.
 y - a ring of protection from cold
 B - an amulet of magic regeneration
 H - an amulet of regeneration (around mantle)
 O - a +4 ring of evasion (right tentacle)
 P - the ring of Hamp (on tentacle) {Wiz rPois rN+ Will+ Str+6}
   (You acquired it on level 13 of the Dungeon)

   [ring of wizardry]

   It improves your spell success rate.
   Str:       It affects your strength (+6).
   rPois:     It protects you from poison.
   rN:        It protects you from negative energy.
   Will:      It increases your willpower.
 R - a +4 ring of protection (on tentacle)
 T - the ring "Fibriosk" (on tentacle) {Fire Dex+4}
   (You bought it in a shop on level 2 of the Orcish Mines)

   [ring of fire]

   It enhances your fire magic.
   Dex:       It affects your dexterity (+4).
   rF:        It protects you from fire.
   rC:        It makes you vulnerable to cold.
 X - the ring of Accord (on tentacle) {Will+ Str+5 Int+6 Dex-2}
   (You found it on level 14 of the Dungeon)

   [ring of intelligence]

   Str:       It affects your strength (+5).
   Int:       It affects your intelligence (+6).
   Dex:       It affects your dexterity (-2).
   Will:      It increases your willpower.
 Y - a +6 ring of intelligence (on tentacle)
 Z - an amulet of reflection
Wands
 z - a wand of flame (21)
 E - a wand of mindburst (24)
 G - a wand of polymorph (20)
 U - a wand of acid (11)
 V - a wand of paralysis (13)
 W - a wand of digging (6)
Scrolls
 a - 3 scrolls of vulnerability
 b - a scroll of immolation
 e - a scroll of magic mapping
 f - 2 scrolls of blinking
 g - 7 scrolls of fear
 h - 8 scrolls of noise
 m - 11 scrolls of teleportation
 n - 3 scrolls of poison
 q - 3 scrolls of fog
 x - 2 scrolls of butterflies
 A - 2 scrolls of amnesia
 C - 2 scrolls of silence
Potions
 o - 9 potions of curing
 r - 3 potions of magic
 s - 5 potions of mutation
 u - 5 potions of flight
 v - 2 potions of heal wounds
 D - a potion of invisibility
 F - 6 potions of lignification
 J - 4 potions of brilliance
 M - 2 potions of might
 N - a potion of resistance
 Q - a potion of ambrosia
 S - a potion of cancellation
Miscellaneous
 k - a condenser vane
 K - a phial of floods


   Skills:
 - Level 9.2 Fighting
 - Level 3.2 Polearms
 - Level 11.3 Dodging
 - Level 7.4 Stealth
 + Level 13.1 Shields
 - Level 11.3 Unarmed Combat
 + Level 5.3 Spellcasting
 * Level 10.4 Summonings
 * Level 11.3 Translocations
 - Level 6.1 Invocations


You had 7 spell levels left.
You knew the following spells:

 Your Spells              Type           Power      Damage    Failure   Level
a - Apportation           Tloc           100%       N/A       1%          1
b - Summon Small Mammal   Summ           100%       N/A       1%          1
c - Summon Forest         Summ/Tloc      37%        N/A       1%          5
d - Passage of Golubria   Tloc           77%        N/A       1%          4
e - Malign Gateway        Summ/Tloc      37%        N/A       24%         7

Your spell library contained the following spells:

 Spells                   Type           Power      Damage    Failure   Level
 Blink                    Tloc           100%       N/A       1%          2
 Momentum Strike          Conj/Tloc      100%       3d10      1%          2
 Lesser Beckoning         Tloc           100%       N/A       1%          3
 Necrotise                Necr           40%        1d6       2%          1
 Sandblast                Erth           20%        2d7       2%          1
 Summon Ice Beast         Ice/Summ       49%        N/A       3%          4
 Cigotuvi's Dreadful Rot  Necr/Pois/Air  20%        N/A       4%          2
 Passwall                 Tmut/Erth      8%         N/A       4%          2
 Summon Cactus Giant      Summ           36%        N/A       5%          6
 Dazzling Flash           Conj/Hex       20%        N/A       8%          3
 Stone Arrow              Conj/Erth      20%        3d8       8%          3
 Summon Mana Viper        Hex/Summ       49%        N/A       9%          5
 Anguish                  Hex/Necr       5%         N/A       24%         4
 Dispel Undead            Necr           10%        3d9       24%         4
 Monstrous Menagerie      Summ           36%        N/A       28%         7
 Agony                    Necr           10%        N/A       52%         5
 Alistair's Intoxication  Tmut/Pois      6%         N/A       52%         5
 Silence                  Hex/Air        5%         N/A       52%         5
 Death Channel            Necr           5%         N/A       97%         6
 Enfeeble                 Hex            5%         N/A       100%        7
 Summon Horrible Things   Summ           36%        N/A       89%         8
 Lehudib's Crystal Spear  Conj/Erth      5%         10d3      100%        8


Dungeon Overview and Level Annotations

Branches:
Dungeon (15/15)            Temple (0/1) D:7            Lair (5/5) D:11
  Swamp (3/4) Lair:3       Spider (0/4) Lair:2        Slime (0/5) Lair:4
    Orc (2/2) D:11            Elf (0/3) Orc:2        Vaults (0/5) D:13
 Depths (0/4) D:15        Ossuary (visited)           IceCv (visited)

Altars:
Ashenzari
Cheibriados
Elyvilon
Fedhas
Kikubaaqudgha
Nemelex Xobeh
Sif Muna
Trog
Uskayaw
Vehumet
Wu Jian
Xom
Yredelemnul
The Shining One
Jiyva

Shops:
D:2 ![   D:3 (   D:5 [[=*   D:8 (   D:14 :   Orc:2 *[*=

Portals:
Trove: D:11 (show slimy rune of Zot)

Annotations:
D:8 Zigma's ghost, journeyman DrTm
D:10 Urug
Swamp:3 Suoxiurgh's ghost, adept TrTm


Innate Abilities, Weirdness & Mutations

You cannot wear most types of armour.
You are amphibious.
You can wear up to eight rings at the same time.
Your skin changes colour to match your surroundings (Stealth+).
Your rubbery body absorbs attacks. (AC +1, EV +1)
((You are camouflaged when in or above water. (Stealth+)))
You have tentacles for arms and can constrict up to eight enemies at once.
You have a pair of small antennae on your head.
You are partially covered in iridescent scales. (AC +2)
Your body sometimes deteriorates upon taking damage.
Your flesh is heat resistant. (rF+)
You are robust. (+10% HP)
Your muscles are strong. (Str +4, Int/Dex -1)


Message History

Your snaplasher vine barely misses the swamp worm.
Your snaplasher vine hits the swamp worm.
You block the tyrant leech's attack.
Your dryad calls out to the forest.
Vines fly forth from the trees!
You block the swamp dragon's attack.
The swamp dragon claws you but does no damage.
The swamp dragon closely misses you.
The tentacled monstrosity tentacle-slaps you!
You block the tentacled monstrosity's attack.
The tentacled monstrosity tentacle-slaps you.
* * * LOW HITPOINT WARNING * * *
The tentacled monstrosity constricts you!
* * * LOW HITPOINT WARNING * * *
A tyrant leech comes into view.
Activating: Slouch (14% risk of failure)
Press: ? - help, Dir - look around, f - activate Really Slouch near your dryad?
You can feel time thicken for a moment.
You can no longer inflict damage on those overly hasty.
Cheibriados lowers the support of your attributes as your movement quickens.
Your snaplasher vine grabs the tyrant leech.
Your snaplasher vine hits the tyrant leech.
Your snaplasher vine constricts the tyrant leech.
The swamp worm bites your dryad but does no damage.
Your snaplasher vine hits the swamp dragon!
Your snaplasher vine grabs the swamp worm.
Your snaplasher vine completely misses the swamp worm.
Your snaplasher vine constricts the swamp worm.
Your dryad hits the swamp worm. You block the swamp dragon's attack.
The swamp dragon closely misses you. The swamp dragon completely misses you.
The tentacled monstrosity tentacle-slaps you.
* * * LOW HITPOINT WARNING * * *
The tentacled monstrosity tentacle-slaps you.
* * * LOW HITPOINT WARNING * * *
You block the tentacled monstrosity's attack.
The tentacled monstrosity constricts you!
* * * LOW HITPOINT WARNING * * *
The tyrant leech bites you!
You die...
Xom bursts into laughter!

~.~~~~.♣♣.~~...~~
.♣.~~~^♣~~~~.~~~
..~§.~♣.....~§~~
.~§~.♣......~~~
.~~~..~§..§~~.♣♣♣ ♣
........~~~~~..>♣♣ ~♣♣
~.~....~~~~~~~│~~♣♣~..♣.
~.~~....~~~§~~w~...~~w.♣
~.~♣.~~.~~w~†D~D@w.~~~─♣
~~..§~~~§...~~~~RXw~~~..
~~~~~~~~~.~.~~~~w~~\~§..
~~~~.~~~.♣w..~~w..~~\w..
......~.~♣*...<~~.~..│>.
♣~.§...~♣♣....♣*.~...♣#♣
♣<..~.....§~~~...w..##W#
.†..§..~~~§~§~....─♣#...
..~....~~


You could see a tentacled monstrosity, a five-headed hydra, a swamp dragon (ally
target), 2 tyrant leeches, a swamp worm (ally target), a friendly dryad
(summoned) and 7 friendly snaplasher vines.

Vanquished Creatures
  An eleionoma (Swamp:2)
  A bunyip (Swamp:2)
  An ettin (D:15)
  A fire dragon (D:14)
  5 centaur warriors
  6 hydras
  2 death knights
  4 ogre magi (Orc:2)
  5 boulder beetles
  2 catoblepae
  14 two-headed ogres
  2 alligators (Swamp:1)
  3 tengu warriors
  Sonja (D:11)
  A shadow wraith (D:14)
  A goliath frog (Swamp:1)
  A wizard (D:13)
  A swamp dragon (Lair:3)
  A spriggan druid (Swamp:2)
  2 orc knights (Orc:1)
  2 phantasmal warriors (D:15)
  A necromancer (D:15)
  A deep elf zephyrmancer (D:15)
  3 wolf spiders
  An orc sorcerer (D:15)
  2 manticores
  8 ugly things
  4 cyclopes
  A will-o-the-wisp (Swamp:1)
  A moth of wrath (D:8)
  A black mamba (shapeshifter) (D:15)
  A guardian serpent (Lair:5)
  6 black mambas
  A cane toad (shapeshifter) (D:13)
  12 cane toads
  4 freezing wraiths
  3 kobold demonologists
  5 rime drakes
  8 komodo dragons
  Maggie (D:8)
  An anaconda simulacrum (IceCv)
  A tengu conjurer (D:14)
  6 trolls
  4 polar bears
  5 hornets
  A meliai (shapeshifter) (D:15)
  4 tyrant leeches
  12 blink frogs
  5 spriggans
  A shadow (D:11)
  23 yaks
  2 wraiths (D:14)
  11 wyverns
  2 vampires
  4 basilisks
  6 vampire mosquitoes
  5 neqoxecs (D:14)
  2 death yak simulacra (IceCv)
  4 wargs
  5 swamp worms
  10 water moccasins
  An acid dragon (D:9)
  15 orc warriors
  A swamp drake (Swamp:2)
  3 ice beasts (D:8)
  39 ogres
  5 black bears
  6 wolves
  18 centaurs
  9 kobold brigands
  2 phantoms
  11 bullfrogs
  A necrophage (D:3)
  5 gnoll sergeants
  4 scorpions
  13 wights
  4 electric eels (D:9)
  15 howler monkeys
  3 quasits (D:14)
  2 centaur zombies (Ossuary)
  8 hounds
  21 orc priests
  3 gnoll boudas
  4 jellies
  8 iguanas
  28 orc wizards
  A polar bear simulacrum (IceCv)
  5 mummies (Ossuary)
  Robin (D:2)
  31 gnolls
  2 adders
  A white imp (D:7)
  2 worms (D:2)
  A dart slug (D:2)
  67 orcs
  8 endoplasms
  2 giant cockroaches (D:4)
  10 goblins
  6 hobgoblins
  7 jackals
  5 quokkas
  6 ball pythons
  4 bats
  A frilled lizard (D:2)
  2 hobgoblin zombies (Ossuary)
  22 kobolds
  3 rats
  A butterfly (Lair:5)
652 creatures vanquished.

Vanquished Creatures (collateral kills)
  The ghost of Odeis the Spear-Bearer, a journeyman OpCK of Hepliaklqana (D:14)
  A centaur warrior (D:15)
  2 alligators
  A goliath frog (Swamp:1)
  A swamp dragon (Swamp:2)
  A will-o-the-wisp (Swamp:1)
  A hornet (Swamp:2)
  2 tyrant leeches
  2 spriggans (Swamp:2)
  5 swamp worms
  A swamp drake (Swamp:2)
  3 centaurs (D:15)
21 creatures vanquished.

Vanquished Creatures (others)
  A wizard (D:15)
  6 foxfires (Swamp:1)
  14 fungi
  36 plants
  4 snaplasher vines
61 creatures vanquished.

Grand Total: 734 creatures vanquished

Notes
Turn   | Place    | Note
-------+----------+-------------------------------------------
     0 | D:1      | M4edhros the Octopode Chaos Knight began the quest for the
                  | Orb.
     0 | D:1      | Reached XP level 1. HP: 16/16 MP: 1/1
   116 | D:1      | Reached XP level 2. HP: 20/21 MP: 2/2
   142 | D:2      | Found Ezaecw's Antique Armour Boutique.
   150 | D:2      | Found Huafastrecs's Distillery.
   299 | D:2      | Found a snail-covered altar of Cheibriados.
   307 | D:2      | XOM: silly message
   338 | D:2      | Fell from the grace of Xom
   338 | D:2      | Became a worshipper of Cheibriados the Contemplative
   575 | D:2      | Bought a potion of heal wounds for 50 gold pieces
   613 | D:2      | Reached XP level 3. HP: 26/26 MP: 3/3
   678 | D:1      | XOM: stat loss: -2 Str (10/12)
   689 | D:1      | XOM: stat loss: -2 Str (8/12)
   862 | D:2      | Noticed Robin
   921 | D:3      | Reached skill level 1 in Unarmed Combat
   979 | D:4      | Learned a level 1 spell: Apportation
   988 | D:4      | You fall into a shaft and drop 3 floors!
   997 | D:7      | Noticed a wight
   999 | D:7      | Noticed a wight
  1007 | D:7      | Killed a wight
  1008 | D:7      | Reached skill level 1 in Stealth
  1008 | D:7      | Reached XP level 4. HP: 31/31 MP: 4/4
  1035 | D:7      | Noticed an ogre
  1116 | D:7      | Reached skill level 1 in Translocations
  1116 | D:7      | Reached XP level 5. HP: 35/37 MP: 5/5
  1149 | D:7      | Reached * piety under Cheibriados
  1162 | D:7      | XOM: cloud trail
  1170 | D:7      | XOM: stat loss: -2 Str (11/13)
  1172 | D:7      | Found a staircase to the Ecumenical Temple.
  1196 | D:6      | XOM: give mutations
  1196 | D:6      | Gained mutation: You have a pair of small antennae on your
                  | head. [Xom's grace]
  1196 | D:6      | Gained mutation: Your flesh is heat resistant. (rF+) [Xom's
                  | grace]
  1196 | D:6      | Gained mutation: Your muscles are strong. (Str +4, Int/Dex
                  | -1) [Xom's grace]
  1235 | D:6      | Reached XP level 6. HP: 42/43 MP: 6/6
  1295 | D:6      | Noticed a black bear
  1299 | D:5      | XOM: noise
  1299 | D:5      | Entered Level 5 of the Dungeon
  1307 | D:5      | Noticed a black bear
  1365 | D:6      | Reached XP level 7. HP: 48/48 MP: 7/7
  1483 | D:6      | XOM: stat loss: -3 Dex (12/15)
  1565 | D:6      | XOM: give mutations
  1565 | D:6      | Gained mutation: Your mind is acute. (Int +4, Str/Dex -1)
                  | [Xom's mischief]
  1565 | D:6      | Gained mutation: Your body sometimes deteriorates upon
                  | taking damage. [Xom's mischief]
  1565 | D:6      | Gained mutation: You are partially covered in iridescent
                  | scales. (AC +2) [Xom's mischief]
  1660 | D:4      | XOM: 1-stop teleportation journey
  1731 | D:3      | Reached ** piety under Cheibriados
  1754 | D:3      | Found Gesut's Weapon Emporium.
  1785 | D:3      | Found an ornate altar of the Wu Jian Council.
  1786 | D:3      | XOM: noise
  1908 | D:2      | Killed Robin
  1967 | D:2      | Found a faded altar of an unknown god.
  2145 | D:2      | Bought 2 potions of curing for 60 gold pieces
  2145 | D:2      | Bought a potion of heal wounds for 50 gold pieces
  2249 | D:4      | Reached XP level 8. HP: 22/54 MP: 8/8
  2365 | D:4      | XOM: give mutation
  2365 | D:4      | Lost mutation: Your mind is acute. (Int +4, Str/Dex -1)
                  | [Xom's mischief]
  2383 | D:4      | Reached skill level 5 in Unarmed Combat
  2401 | D:4      | XOM: confusion (+ monsters)
  2445 | D:4      | Reached skill level 5 in Stealth
  2462 | D:4      | Reached *** piety under Cheibriados
  2465 | D:4      | XOM: god gift: potion of berserk rage
  2534 | D:5      | Found Mywel's General Store.
  2534 | D:5      | Found Isticwe's Armour Boutique.
  2534 | D:5      | Found Amaras's Jewellery Boutique.
  2534 | D:5      | Found Idobom's Antique Armour Boutique.
  2534 | D:5      | XOM: 6-stop teleportation journey
  2603 | D:5      | Reached skill level 5 in Fighting
  2733 | D:5      | Learned a level 1 spell: Summon Small Mammal
  2781 | D:5      | Reached skill level 5 in Dodging
  3040 | D:7      | XOM: silly message
  3065 | D:7      | Found a white marble altar of Elyvilon.
  3070 | D:7      | Reached XP level 9. HP: 62/62 MP: 9/9
  3264 | D:7      | Reached **** piety under Cheibriados
  3596 | D:8      | Noticed a hornet
  3601 | D:8      | Killed a hornet
  3602 | D:8      | Reached skill level 2 in Shields
  3606 | D:8      | Noticed a moth of wrath
  3632 | D:8      | Noticed Maggie
  3636 | D:8      | Reached skill level 3 in Shields
  3648 | D:8      | Killed Maggie
  3649 | D:8      | Reached skill level 4 in Shields
  3660 | D:8      | Found a transporter.
  3661 | D:8      | Noticed Zigma's ghost (journeyman DrTm)
  3680 | D:8      | Found a sand-covered staircase.
  3687 | D:8      | XOM: 3-stop teleportation journey
  3702 | D:8      | Found a transporter.
  3748 | Ossuary  | Entered an ossuary
  3754 | Ossuary  | Reached ***** piety under Cheibriados
  3759 | Ossuary  | Reached skill level 5 in Shields
  3790 | Ossuary  | Reached XP level 10. HP: 67/68 MP: 10/10
  3870 | D:8      | Found a basalt altar of Yredelemnul.
  3897 | D:8      | Reached skill level 1 in Invocations
  3968 | D:9      | Found a bloodstained altar of Trog.
  3988 | D:9      | Reached skill level 6 in Shields
  3988 | D:9      | Noticed a two-headed ogre
  3995 | D:9      | Killed a two-headed ogre
  4024 | D:9      | Reached skill level 7 in Shields
  4057 | D:10     | Entered Level 10 of the Dungeon
  4128 | D:10     | XOM: scenery: 2 doors close
  4237 | D:10     | Noticed Urug
  4271 | D:10     | Learned a level 5 spell: Summon Forest
  4352 | D:9      | Reached skill level 8 in Shields
  4443 | D:9      | Found a hide-covered altar of Uskayaw.
  4653 | D:8      | Reached skill level 5 in Invocations
  4658 | D:8      | XOM: chaos upgrade
  4725 | D:8      | Reached skill level 9 in Shields
  4733 | D:8      | Reached XP level 11. HP: 59/72 MP: 15/15
  4799 | D:8      | XOM: give mutation
  4799 | D:8      | Gained mutation: You are robust. (+10% HP) [Xom's mischief]
  4949 | D:8      | Reached ****** piety under Cheibriados
  4998 | D:8      | Identified the ring "Poetashra" {rElec rN+ Will+ rCorr
                  | Dex-4}
  5001 | D:8      | Killed a moth of wrath
  5002 | D:8      | Reached skill level 10 in Shields
  5075 | D:11     | Noticed a cyclops
  5091 | D:11     | Killed a cyclops
  5108 | D:11     | Noticed a boulder beetle
  5129 | D:11     | Killed a boulder beetle
  5168 | D:11     | Found a frozen archway.
  5224 | D:11     | Found the +7 staff of the Meek {protect, meekguard}
  5236 | IceCv    | Entered an ice cave
  5252 | IceCv    | HP: 5/121 [anaconda simulacrum (26)]
  5256 | IceCv    | HP: 1/121 [death yak simulacrum (30)]
  5278 | IceCv    | Found a transporter.
  5282 | IceCv    | Noticed a white ugly thing
  5308 | IceCv    | Found a transporter.
  5407 | D:11     | Found a portal to a secret trove of treasure.
  5484 | D:13     | Noticed a boulder beetle
  5516 | D:13     | Noticed a centaur warrior
  5612 | D:12     | XOM: noise
  5789 | D:12     | Noticed a cyan ugly thing
  5799 | D:12     | Killed a cyan ugly thing
  5800 | D:12     | Reached skill level 11 in Shields
  5800 | D:12     | Reached XP level 12. HP: 41/89 MP: 16/16
  5937 | D:12     | Reached skill level 1 in Summonings
  5991 | D:11     | XOM: draining
  5991 | D:11     | Was forgiven by Xom
  6054 | D:11     | Found a staircase to the Orcish Mines.
  6145 | D:11     | Noticed a boulder beetle
  6166 | D:11     | Killed a boulder beetle
  6189 | D:11     | Found a shimmering blue altar of Sif Muna.
  6378 | D:10     | Found an ancient bone altar of Kikubaaqudgha.
  6380 | D:10     | Found a blossoming altar of Fedhas.
  6436 | D:10     | Found a sparkling altar of Nemelex Xobeh.
  6680 | D:8      | Found Fiupram's Antique Weapon Shoppe.
  7372 | D:11     | Reached skill level 5 in Translocations
  7372 | D:11     | Noticed Sonja
  7379 | D:11     | Killed Sonja
  7480 | D:11     | Found a staircase to the Lair.
  7531 | Lair:1   | Entered Level 1 of the Lair of Beasts
  7859 | Lair:3   | Reached XP level 13. HP: 76/96 MP: 17/17
  8052 | Lair:4   | Reached skill level 10 in Unarmed Combat
  8064 | Lair:4   | Found a staircase to the Slime Pits.
  8064 | Lair:4   | Found a viscous altar of Jiyva.
  8187 | Lair:4   | Reached skill level 5 in Summonings
  8296 | Lair:5   | Entered Level 5 of the Lair of Beasts
  8700 | Lair:3   | Found a staircase to the Swamp.
  8845 | Lair:2   | Found a hole to the Spider Nest.
  8863 | Lair:2   | Reached skill level 1 in Spellcasting
  8957 | Lair:2   | Reached skill level 10 in Dodging
  9046 | Orc:1    | Entered Level 1 of the Orcish Mines
  9081 | Orc:1    | Reached XP level 14. HP: 68/103 MP: 12/18
  9185 | Orc:2    | Entered Level 2 of the Orcish Mines
  9291 | Orc:1    | Reached skill level 12 in Shields
  9311 | Orc:1    | Learned a level 4 spell: Passage of Golubria
  9400 | Orc:1    | Upgraded the game from 0.30-a0-556-g0a0f5a245f to
                  | 0.30-a0-561-g1b0378597e
  9653 | Orc:2    | Found Zuuloliu's General Store.
  9653 | Orc:2    | Found Zayttasu's Assorted Antiques.
  9654 | Orc:2    | Found Oqeoh's Jewellery Shop.
  9654 | Orc:2    | Found Wuitaaz's Armour Emporium.
  9664 | Orc:2    | Bought a ring of willpower for 300 gold pieces
  9664 | Orc:2    | Bought a +4 ring of protection for 432 gold pieces
  9664 | Orc:2    | Bought a ring of poison resistance for 240 gold pieces
  9664 | Orc:2    | Bought the ring "Fibriosk" {Fire Dex+4} for 484 gold pieces
  9675 | Orc:2    | Bought a potion of heal wounds for 70 gold pieces
  9751 | Orc:2    | Found a staircase to the Elven Halls.
 10271 | D:13     | Identified a scroll of acquirement
 10272 | D:13     | Acquired the ring of Hamp {Wiz rPois rN+ Will+ Str+6}
 10283 | D:13     | Learned a level 7 spell: Malign Gateway
 10327 | D:13     | Found a gate to the Vaults.
 10493 | D:14     | Found a transporter.
 10503 | D:14     | Noticed Odeis's ghost (journeyman OpCK)
 10517 | D:14     | Found a transporter.
 10564 | D:14     | Killed Odeis's ghost
 10571 | D:14     | Got the ring of Accord {Will+ Str+5 Int+6 Dex-2}
 10696 | D:14     | Reached XP level 15. HP: 104/110 MP: 20/20
 10765 | D:14     | Reached skill level 10 in Translocations
 10840 | D:14     | Found Gebaivve's Book Emporium.
 10888 | D:14     | Found the +3 hat of Pondering {ponderous, Will+ MP+10
                  | Int+5}
 10954 | D:15     | Entered Level 15 of the Dungeon
 11228 | D:15     | Found a staircase to the Depths.
 11337 | D:15     | Found a basalt altar of Yredelemnul.
 11339 | D:15     | Found a broken altar of Ashenzari.
 11339 | D:15     | Found a glowing golden altar of the Shining One.
 11341 | D:15     | Found a radiant altar of Vehumet.
 11341 | D:15     | Found a hide-covered altar of Uskayaw.
 11341 | D:15     | Found a shimmering altar of Xom.
 11396 | D:15     | Found a hide-covered altar of Uskayaw.
 11724 | Swamp:1  | Entered Level 1 of the Swamp
 11865 | Swamp:1  | Reached skill level 13 in Shields
 11889 | Swamp:3  | Reached skill level 10 in Summonings
 11907 | Swamp:3  | Reached skill level 5 in Spellcasting
 12138 | Swamp:2  | Reached XP level 16. HP: 118/118 MP: 23/23
 12153 | Swamp:3  | Noticed a tentacled monstrosity
 12154 | Swamp:3  | Noticed Suoxiurgh's ghost (adept TrTm)
 12167 | Swamp:3  | Slain by a tyrant leech

Illustrated notes

Levels and vault maps discovered:
D:1:      mrwooster_arrival_arrow, layout_loops_ring, minmay_pentomino_s2
D:2:      layout_basic, serial_shops, nicolae_shop_crystal,
          nicolae_shop_statue_plus, basic_altar,
          shapermc_ecumenical_altar_mp_urbaneastern, moated_statue, uniq_robin
D:3:      layout_rooms, mainiacjoe_overflow_surrounded_room, chei_slow_surprise,
          serial_shops, nicolae_square_shop
D:4:      layout_cave_pools, serial_bayou, serial_bayou_ford_a,
          serial_bayou_pond_a, serial_bayou_pond_e, serial_bayou_lagoon_a,
          corexii_checkpoint_a
D:5:      layout_loops_corners, serial_glass, glass_columns_a, glass_columns_a,
          glass_columns_b, glass_columns_a, glass_columns_a, glass_columns_c,
          glass_columns_b, glass_columns_a, glass_columns_a, glass_columns_a,
          minmay_strange_pillars, minmay_shop_grid_forest
D:6:      layout_gridville, grunt_decor_junction, nicolae_inconvenience_store,
          bh_walls_and_bars
D:7:      layout_loops_ring, amcnicky_altar_gilded,
          minmay_temple_entry_gardened_gates, minmay_quadrilaterals
D:8:      lemuel_castle_with_subvaults [lemuel_castle_interior_carwin_2],
          layout_loops_ring, lemuel_crystal_altar, chequers_ossuary_entry_cave,
          serial_shops, shop, gammafunk_ghost_berserking_beasts, uniq_maggie
D:9:      layout_basic, trog_ov_bears_minmay, mainiacjoe_overflow_alcove_2,
          hive_lemuel
D:10:     layout_roguey, nemelex_spade_bored_becter,
          grunt_temple_overflow_growth_and_decay, uniq_urug
D:11:     layout_long_grid, david_lair_shrubbed, hiddenorc2_lemuel,
          nicolae_trove_entry_diagonal,
          portal_ice_cave_entry_animals_and_master, led_sif_pool, uniq_sonja
D:12:     layout_roguey, drop_trap, palyth_stone_intersect
D:13:     layout_long_grid, david_vaults_4, nicolae_elevator_lobby_asterisk,
          uniq_azrael
D:14:     layout_rooms, gammafunk_ghost_stat_death, serial_shops,
          nicolae_shop_crystal, lightli_fourway_metalbox
D:15:     hangedman_depths_entry_civil_slaughter, layout_cross,
          nicolae_uskayaw_en_pointe, doesnt_xom_only_xom
Lair:1:   layout_long_grid, minivault_24
Lair:2:   layout_small_grid, dummy_spider_entry, grunt_megastairs_3
Lair:3:   layout_roguey, minmay_swamp_entry_reptiles
Lair:4:   layout_layer_cave, slime_entry_1, nicolae_quartered_pool_little,
          chequers_serial_rivers_micro_d, beast_lair_carwin_3
Lair:5:   hangedman_lair_tendril_chambers, layout_long_grid,
          guppyfry_lair_end_dragon, pond, lemuel_fruit_fields, uniq_josephine
Swamp:1:  layout_falls_marsh, hangedman_swamp_lotus, swamp_pool2
Swamp:2:  layout_basic_swamp, hangedman_swamp_ruin_hall, swamp_pool2,
          uniq_frances
Swamp:3:  layout_basic_swamp, hellmonk_ghost_happy_afterlife,
          evilmike_swamp_ruin_house_3
Orc:1:    layout_diamond_mine
Orc:2:    st_orc_ogre_mass, layout_diamond_mine

Skill      XL: |  1  2  3  4  5  6  7  8  9 10 11 12 13 14 15 |
---------------+----------------------------------------------+-----
Unarmed Combat | 1 2 3 4 6 7 8 9 10 11 | 11.3
Dodging        | 3 4 5 6 7 8 10 11 | 11.3
Stealth        | 1 2 3 4 6 7 |  7.4
Translocations | 1 2 4 6 7 9 11 | 11.3
Fighting       | 4 5 6 7 8 9 |  9.2
Shields        | 5 9 11 12 13 | 13.1
Invocations    | 5 6 |  6.1
Summonings     | 4 6 8 10 | 10.4
Spellcasting   | 1 3 5 |  5.3
Polearms       | |  3.2

Action                   |  1- 3 |  4- 6 |  7- 9 | 10-12 | 13-15 | 16-18 || total
-------------------------+-------+-------+-------+-------+-------+-------++-------
Melee: Spear             |    29 |       |       |       |       |       ||    29
       Constrict         |    14 |    10 |    76 |   105 |    74 |     1 ||   280
       Unarmed           |    36 |    40 |   298 |   528 |   779 |    19 ||  1700
       Tentacles         |    14 |     7 |    79 |   174 |   243 |     9 ||   526
       Punch             |       |     4 |    18 |    39 |    70 |     2 ||   133
Throw: Dart              |       |       |    17 |     2 |    10 |       ||    29
 Cast: Apportation       |       |       |       |    19 |    90 |       ||   109
       Summon Forest     |       |       |       |       |    11 |     1 ||    12
       Passage of Golubr |       |       |       |       |     1 |       ||     1
Invok: Slouch            |       |       |       |     7 |    22 |     1 ||    30
       Temporal Distorti |       |       |       |       |     1 |       ||     1
Evoke: Wand              |       |       |    14 |    20 |     6 |       ||    40
       Condenser vane    |       |       |       |       |     1 |       ||     1
       Phial of floods   |       |       |       |       |     1 |       ||     1
  Use: Potion            |     5 |       |     5 |    11 |     5 |     1 ||    27
       Scroll            |       |     4 |     7 |    14 |    11 |       ||    36
 Stab: Sleeping          |    10 |     4 |    10 |    13 |    11 |       ||    48
       Distracted        |       |       |     1 |     4 |     3 |       ||     8
       Paralysed         |       |       |       |    20 |       |       ||    20
       Confused          |       |       |       |     2 |     1 |       ||     3
Armor: Skin              |     4 |       |    39 |    34 |    53 |     9 ||   139
Dodge: Dodged            |    30 |    28 |   166 |   214 |   526 |    18 ||   982
Block: Kite shield       |       |       |    13 |   357 |   706 |    25 ||  1101

Table legend: (Time is in decaauts)
 A = Elapsed time spent in this place.
 B = Non-inter-level travel time spent in this place.
 C = Inter-level travel time spent in this place.
 D = Time resting spent in this place.
 E = Time spent auto-exploring this place.
 F = Levels seen in this place.
 G = Mean time per level.
                   A        B        C        D        E       F      G
               +--------+--------+--------+--------+--------+-----+--------+
         Total |  18922 |  16508 |   2414 |    107 |   2716 |  27 |  700.8 |
       Dungeon |  14180 |  12312 |   1868 |     85 |   2507 |  15 |  945.3 |
          Lair |   2569 |   2245 |    324 |      7 |    137 |   5 |  513.8 |
         Swamp |    613 |    578 |     35 |      0 |     70 |   3 |  204.3 |
  Orcish Mines |   1309 |   1124 |    185 |      0 |      0 |   2 |  654.5 |
       Ossuary |    118 |    118 |      0 |      0 |      1 |   1 |  118.0 |
      Ice Cave |    130 |    130 |      0 |     15 |      0 |   1 |  130.0 |
               +--------+--------+--------+--------+--------+-----+--------+

Top non-repeatable levels by time:
     D:8: 2160 daAuts
    D:10: 1573 daAuts
    D:11: 1563 daAuts
     D:2: 1058 daAuts
     D:7: 1041 daAuts
    D:12: 1010 daAuts
     D:9: 919 daAuts
    D:15: 912 daAuts
   Orc:2: 744 daAuts
  Lair:2: 673 daAuts
    D:13: 654 daAuts
    D:14: 652 daAuts
  Lair:4: 652 daAuts
     D:5: 648 daAuts
     D:6: 634 daAuts
